 Dungeon Crawl Stone Soup version 0.25.1-8-g42b30a86e7 (webtiles) character file.

Game seed: 8647778995623739143

108 Clowwww the Skirmisher (level 4, 0/35 HPs)
             Began as a Demonspawn Fighter on Dec 23, 2020.
             Slain by a gnoll
             ... wielding a +0 halberd
              (10 damage)
             ... on level 3 of the Dungeon.
             The game lasted 00:02:33 (1490 turns).

Clowwww the Skirmisher (Demonspawn Fighter)         Turns: 1490, Time: 00:02:34

Health: 0/35       AC:  8    Str: 17    XL:     4   Next: 58%
Magic:  4/4        EV:  7    Int:  9    God:
Gold:   86         SH:  9    Dex: 13    Spells: 3/3 levels left

rFire    . . .     SeeInvis .   a - +0 war axe
rCold    . . .     Gourm    .   c - +0 kite shield
rNeg     . . .     Faith    .   b - +0 scale mail
rPois    .         Spirit   .   (no helmet)
rElec    .         Reflect  .   (no cloak)
rCorr    .         Harm     .   (no gloves)
MR       .....                  (no boots)
Stlth    ..........             (no amulet)
HPRegen  0.11/turn              i - +4 ring of slaying
MPRegen  0.09/turn              (no ring)

@: no status effects
A: icy blue scales 1
a: no special abilities


You were on level 3 of the Dungeon.
You were not hungry.

You visited 1 branch of the dungeon, and saw 3 of its levels.

You collected 86 gold pieces.

Inventory:

Hand Weapons
 a - a +0 war axe (weapon)
Missiles
 l - 2 silver javelins (quivered)
Armour
 b - a +0 scale mail (worn)
 c - a +0 kite shield (worn)
Jewellery
 i - a +4 ring of slaying (left hand)
Scrolls
 e - a scroll of random uselessness {unknown}
 j - 2 scrolls of enchant armour {unknown}
 m - 4 scrolls of remove curse {unknown}
 n - a scroll of fog {unknown}
 o - 3 scrolls of identify {unknown}
 p - a scroll of teleportation {unknown}
Potions
 d - a potion of might
 h - a potion of brilliance {unknown}
 k - a potion of stabbing {unknown}
Comestibles
 f - 3 rations
 g - 2 chunks of flesh


   Skills:
 + Level 3.4 Fighting
 + Level 3.3 Axes
 + Level 3.1 Armour
 + Level 0.1 Dodging
 + Level 3.3 Shields


You had 3 spell levels left.
You didn't know any spells.
Your spell library was empty.

Dungeon Overview and Level Annotations

Branches:
Dungeon (3/15)

Altars:
Elyvilon
Fedhas
Nemelex Xobeh
Ru
Zin
The Shining One


Innate Abilities, Weirdness & Mutations

You are partially covered in icy blue scales. (AC +2)


Message History

Your shield and scale mail prevent you from hitting the gnoll.
The gnoll is heavily wounded.
The gnoll hits you with a +0 flail.
You slash the gnoll!
You kill the gnoll!
A gnoll comes into view. It is wielding a +0 halberd.
The gnoll hits you from afar with a +0 halberd!
* * * LOW HITPOINT WARNING * * *
A gnoll comes into view.
You see here a +0 flail.
The gnoll shouts!
You hit the gnoll.
The gnoll is moderately wounded.
The gnoll barely misses you.
You slash the gnoll!
You kill the gnoll!
You slash the gnoll!
A quokka comes into view.
The gnoll hits you with a +0 halberd!
You die...

#.#.###.# .#
#.#...... .#
#######.#..##.##
.#
#.......#......
#.####........#
#.######## #.#
#.# #@#
#....rg.#
#######.# .# .#
.. .# ..


You could see a gnoll and a quokka.

Vanquished Creatures
  A bullfrog skeleton (D:3)
  2 gnolls (D:3)
  2 adders
  A dart slug (D:1)
  2 bats (D:1)
  3 giant cockroaches (D:1)
  11 goblins
  3 hobgoblins
  A quokka (D:2)
  A ball python (D:1)
  3 frilled lizards (D:1)
  3 kobolds
  9 rats
42 creatures vanquished.

Notes
Turn   | Place    | Note
-------+----------+-------------------------------------------
     0 | D:1      | Clowwww the Demonspawn Fighter began the quest for the Orb.
     0 | D:1      | Reached XP level 1. HP: 18/18 MP: 1/1
   229 | D:1      | Gained mutation: You are partially covered in icy blue
                  | scales. (AC +2) [demonic ancestry]
   229 | D:1      | Reached XP level 2. HP: 17/24 MP: 2/2
   721 | D:1      | Reached XP level 3. HP: 29/29 MP: 3/3
  1169 | D:2      | Found a glowing golden altar of the Shining One.
  1170 | D:2      | Found a white marble altar of Elyvilon.
  1172 | D:2      | Found a glowing silver altar of Zin.
  1344 | D:2      | Found a sparkling altar of Nemelex Xobeh.
  1344 | D:2      | Found a blossoming altar of Fedhas.
  1344 | D:2      | Found a sacrificial altar of Ru.
  1444 | D:3      | Reached XP level 4. HP: 21/35 MP: 4/4
  1490 | D:3      | Slain by a gnoll

Illustrated notes

Levels and vault maps discovered:
D:1:      nzn_arrival_depleted_hourglass, layout_loops_ring
D:2:      layout_basic, good_gods_temple_1, gammafunk_temple_overflow_claw,
          first_ration
D:3:      layout_loops_cross, nrook_mini_backslash

Skill      XL: |  1  2  3 |
---------------+----------+-----
Axes           | 2 3 |  3.3
Armour         | 3 |  3.1
Shields        | 3 |  3.3
Fighting       | |  3.4
Dodging        | |  0.1

Action                   |  1- 3 |  4- 6 || total
-------------------------+-------+-------++-------
Melee: War axe           |   101 |     6 ||   107
Throw: Javelin           |     3 |     1 ||     4
  Eat: Chunk             |     2 |       ||     2
Armor: Scale mail        |    60 |     1 ||    61
Dodge: Dodged            |    30 |     2 ||    32
Block: Kite shield       |    47 |       ||    47
